 Dungeon Crawl Stone Soup version 0.29-a0-338-g1ff7896281 (webtiles) character file.

Game seed: 4733588335924265020

52 Sunnyzura the Skirmisher (level 3, -1/32 HPs)
             Began as a Palentonga Berserker on Apr 18, 2022.
             Was a Follower of Trog.
             Slain by a kobold
             ... wielding a +3 whip
              (5 damage)
             ... on level 2 of the Dungeon.
             The game lasted 00:10:37 (1435 turns).

Sunnyzura the Skirmisher (Palentonga Berserker)     Turns: 1435, Time: 00:10:37

Health: -1/32      AC:  6    Str: 22    XL:     3   Next: 60%
Magic:  3/4        EV:  8    Int:  7    God:    Trog [*.....]
Gold:   77         SH:  0    Dex:  9    Spells: 2/2 levels left

rFire   . . .      SeeInvis +   a - +0 hand axe
rCold   . . .      Faith    .   (no shield)
rNeg    . . .      Spirit   .   f - +0 scale mail
rPois   .          Reflect  .   (no helmet)
rElec   .          Harm     .   (no cloak)
rCorr   .          Rampage  .   (no gloves)
Will    .....                   (no barding)
Stlth   ..........              (no amulet)
HPRegen 0.10/turn               (no ring)
MPRegen 0.09/turn               (no ring)

@: no status effects
A: large, rugged brown scales 3, see invisible, deformed body, roll 1, armoured
tail
a: Rolling Charge, Renounce Religion, Berserk


You were on level 2 of the Dungeon.
You worshipped Trog.
Trog was aware of your devotion.
You visited 1 branch of the dungeon, and saw 2 of its levels.

You collected 77 gold pieces.

Inventory:

Hand Weapons
 a - a +0 hand axe (weapon)
Missiles
 c - 49 stones
Armour
 b - a +0 animal skin
 f - a +0 scale mail (worn)
Scrolls
 e - a scroll of identify


   Skills:
 * Level 3.7 Fighting
 + Level 3.3 Axes
 + Level 2.0 Armour
 - Level 1.5 Dodging
 + Level 1.3 Invocations


You had 2 spell levels left.
You didn't know any spells.
Your spell library contained the following spells:

 Spells                   Type           Power      Damage    Failure   Level
 Sting                    Tmut/Pois      0%         1d3       77%         1
 Poisonous Vapours        Pois/Air       0%         N/A       88%         2
 Olgreb's Toxic Radiance  Pois           0%         N/A       100%        4


Dungeon Overview and Level Annotations

Branches:
Dungeon (2/15)

Altars:


Innate Abilities, Weirdness & Mutations

You are completely covered in rugged brown scales. (AC +3, +7% HP)
You have supernaturally acute eyesight. (SInv)
Armour fits poorly on your strangely shaped body.
You can roll at nearby foes to attack.
You have a long armoured tail.


Message History

The adder is heavily wounded.
You feel sick. The adder bites you but does no damage.
The adder barely misses you.
You barely miss the adder. You tail-slap the adder.
The adder is almost dead.
You feel sick. The adder closely misses you.
You closely miss the adder.
The adder is almost dead.
You feel sick. The adder bites you.
You are more poisoned.
The adder poisons you! The adder bites you but does no damage.
You are too injured to fight recklessly!
You are too injured to fight recklessly!
You hit the adder but do no damage.
The adder is almost dead.
You feel sick. The adder bites you but does no damage.
You miss the adder. You tail-slap the adder.
You kill the adder!
Trog accepts your kill.
You feel sick.
You barely miss the ball python.
Your tail-slap misses the ball python.
You feel sick.
The ball python bites you but does no damage.
The ball python closely misses you.
You closely miss the ball python.
You feel sick.
The ball python bites you but does no damage.
You barely miss the ball python.
You feel sick.
The ball python bites you but does no damage.
You hit the ball python.
The ball python is moderately wounded.
You feel sick. The ball python bites you.
* * * LOW HITPOINT WARNING * * *
The ball python closely misses you.
You hit the ball python.
You kill the ball python!
Trog accepts your kill.
You feel sick.
You are no longer poisoned.
You barely miss the kobold. The kobold hits you with a +3 whip.
You die...

.# #.##
##...###. ..
#<.......
....###.....##.
............#
#######....##
#.#### #@#
########K#
#........#
#.#####..#
..#####..#
....>....#
..#####.####
#.#####....#
#.......##.###


You could see a kobold.

Vanquished Creatures
  3 adders (D:2)
  A ball python (D:2)
  3 endoplasms
  2 giant cockroaches
  4 goblins (D:1)
  2 hobgoblins (D:1)
  4 jackals
  2 kobolds (D:1)
  2 rats (D:1)
23 creatures vanquished.

Notes
Turn   | Place    | Note
-------+----------+-------------------------------------------
     0 | D:1      | Sunnyzura the Palentonga Berserker began the quest for the
                  | Orb.
     0 | D:1      | Reached XP level 1. HP: 19/19 MP: 1/1
   286 | D:1      | Reached XP level 2. HP: 5/25 MP: 2/2
   706 | D:1      | You fall into a shaft and drop 1 floor!
  1039 | D:1      | Reached skill level 1 in Invocations
  1395 | D:2      | Found a faded altar of an unknown god.
  1422 | D:2      | Reached XP level 3. HP: 24/31 MP: 3/3
  1435 | D:2      | Slain by a kobold

Illustrated notes

Levels and vault maps discovered:
D:1:      lightli_arrival_statuegarden, layout_loops_ring, nrook_loot_triangle,
          glass_columns_a
D:2:      layout_loops_cross, shapermc_ecumenical_altar_starsandcircs,
          basic_altar, serial_shops, shop

Skill      XL: |  1  2  3 |
---------------+----------+-----
Invocations    | 1 |  1.3
Armour         | 2 |  2.0
Fighting       | |  3.7
Axes           | |  3.3
Dodging        | |  1.5

Action                   || total
-------------------------++-------
Melee: Hand axe          ||    96
       Tailslap          ||     8
       Punch             ||     2
  Use: Scroll            ||     2
       Potion            ||     2
Armor: Animal skin       ||    28
       Scale mail        ||    20
Dodge: Dodged            ||    66

Table legend: (Time is in decaauts)
 A = Elapsed time spent in this place.
 B = Non-inter-level travel time spent in this place.
 C = Inter-level travel time spent in this place.
 D = Time resting spent in this place.
 E = Time spent auto-exploring this place.
 F = Levels seen in this place.
 G = Mean time per level.
                   A        B        C        D        E       F      G
               +--------+--------+--------+--------+--------+-----+--------+
         Total |   1449 |   1162 |    287 |    552 |    390 |   2 |  724.5 |
       Dungeon |   1449 |   1162 |    287 |    552 |    390 |   2 |  724.5 |
               +--------+--------+--------+--------+--------+-----+--------+

Top non-repeatable levels by time:
     D:1: 1227 daAuts
     D:2: 221 daAuts
